 Dungeon Sprint DCSS version 0.23.2-1-ga50397a (webtiles) character file.

Game seed: 17588322340072616923

9256 Fang the Warrior (level 11, -4/81 HPs)
             Began as a Gargoyle Berserker on May 1, 2019.
             Was the Champion of Trog.
             Slain by a nagaraja
             ... wielding a +0 club
              (5 damage)
             ... in the Dungeon (Sprint VII: "The Pits").
             The game lasted 00:03:46 (2326 turns).

Fang the Warrior (Gargoyle Berserker)               Turns: 2326, Time: 00:03:46

Health: -4/81      AC: 27    Str: 28    XL:     11   Next: 43%
Magic:  5/11       EV: 10    Int: 10    God:    Trog [******]
Gold:   0          SH:  0    Dex:  9    Spells: 10/10 levels left

rFire    . . .     SeeInvis .   t - +3 war axe (flame)
rCold    . . .     Gourm    .   (no shield)
rNeg     + . .     Faith    .   n - +3 plate armour
rPois    ∞         Spirit   .   (no helmet)
rElec    +         Reflect  .   (no cloak)
rCorr    .         Harm     .   (no gloves)
MR       .....     NoTele   +   (no boots)
Stlth    ..........             (no amulet)
HPRegen  0.23/turn              b - +3 ring of strength
MPRegen  0.12/turn              q - +3 ring of intelligence

@: marked, berserk cooldown, slowed, constricted, very slow
A: negative energy resistance 1, electricity resistance, unbreathing,
petrification resistance, rot immunity, AC +8
a: Berserk, Trog's Hand, Brothers in Arms, Renounce Religion


You were in the Dungeon.
You worshipped Trog.
Trog was exalted by your worship.
You were very hungry.

You visited 1 branch

Inventory:

Hand Weapons
 j - a +1 broad axe of chopping
 m - a +5 antimagic war axe
 o - a +1 antimagic executioner's axe
 t - a +3 war axe of flaming (weapon)
Armour
 n - a +3 plate armour (worn)
Jewellery
 b - a +3 ring of strength (left hand)
 q - a +3 ring of intelligence (right hand)
Scrolls
 i - a scroll of blinking
 k - 3 scrolls of remove curse
 l - a scroll of summoning
Potions
 a - 2 potions of invisibility
 d - 9 potions of curing
 e - 7 potions of heal wounds
 f - 2 potions of haste
 g - 4 potions of magic
 h - 3 potions of berserk rage
 p - 2 potions of agility
 r - a potion of might
 s - a potion of brilliance
Comestibles
 c - 9 rations


   Skills:
 + Level 15.0 Fighting
 + Level 12.9 Axes
 + Level 14.8 Armour
 + Level 11.8 Dodging


You had 10 spell levels left.
You didn't know any spells.
Your spell library was empty.

Dungeon Overview and Level Annotations

Branches:
Dungeon (1/1)

Altars:


Innate Abilities, Weirdness & Mutations

You are resistant to torment.
Your stone body is resilient. (AC +8)
You are immune to poison.
You resist negative energy. (rN+)
You are resistant to electric shocks. (rElec)
You can survive without breathing.
You are immune to petrification.
You are immune to rotting.


Message History

The nagaraja constricts you.
Your stone giant hits the nagaraja!
Something hits your stone giant but does no damage.
The nagaraja hits you with a +0 club.
* * * LOW HITPOINT WARNING * * *
x2 The nagaraja constricts you.
Your stone giant closely misses the nagaraja.
The shadow slips into darkness.
The shadow flickers and vanishes!
Deactivating autopickup; reactivate with Ctrl-A.
Your cyclops goes berserk!
You feel quite a bit more hungry.
Something hits your stone giant but does no damage.
The nagaraja gestures at you while chanting.
The poison arrow misses you. The nagaraja constricts you.
Your stone giant hits the nagaraja.
Something hits your stone giant but does no damage.
The nagaraja spits poison at you.
The splash of poison hits you but does no damage.
You resist.
You die...

......##............
)###################
)############ #########
.....'..).).### .......
.....'..)())..##......
....##..##))...##....#
..###....###....#....#
.##........###.###..# .
'#...#..#...#...@#).#..g.
............'....NC){TS..
'#...#..#...#..C.#..#Og..
.##........###.###..# .
..###....###.)).#....#
....##..##.....##....#
.....+..+.....##......
##...+..+...### .......
########## #########


You could see a nagaraja, a troll, an ogre, a gnoll, a ball python, a friendly
stone giant (berserk) and a friendly cyclops (berserk).

Vanquished Creatures
  Kirke (D)
  An orc high priest (D)
  A deep troll (D)
  A flayed ghost (D)
  An orc knight (D)
  An orc sorcerer (D)
  A rust devil (D)
  A hellwing (D)
  A snapping turtle (D)
  2 hippogriffs (D)
  A spriggan (D)
  A flying skull (D)
  2 redbacks (D)
  A wyvern (D)
  A ynoxinul (D)
  4 hogs (D)
  Eustachio (D)
  A hungry ghost (D)
  An acid dragon (D)
  A water moccasin (D)
  2 porcupines (D)
  6 orc warriors (D)
  A phantom (D)
  A sky beast (D)
  A crocodile (D)
  A scorpion (D)
  3 wights (D)
  3 crimson imps (D)
  A hound (D)
  2 jellies (D)
  A quasit (D)
  An orc priest (D)
  An iguana (D)
  2 worker ants (D)
  2 gnolls (D)
  A white imp (D)
  An ufetubus (D)
  An ooze (D)
  A worm (D)
  4 orcs (D)
  A hobgoblin (D)
  A ball python (D)
  2 frilled lizards (D)
  A giant cockroach zombie (D)
66 creatures vanquished.

Vanquished Creatures (collateral kills)
  Harold (D)
  2 hell hogs (D)
  A red devil (D)
  A worker ant (D)
5 creatures vanquished.

Vanquished Creatures (others)
  A human (D)
1 creature vanquished.

Grand Total: 72 creatures vanquished

Notes
Turn   | Place    | Note
-------+----------+-------------------------------------------
     0 | D        | Fang the Gargoyle Berserker began the quest for the Orb.
     0 | D        | Reached XP level 1. HP: 14/14 MP: 1/1
    11 | D        | Noticed a worker ant
    18 | D        | HP: 1/21 [worker ant (6)]
    19 | D        | Killed a worker ant
    19 | D        | Reached skill level 4 in Fighting
    19 | D        | Reached XP level 2. HP: 1/20 MP: 2/2
   327 | D        | Reached XP level 3. HP: 24/24 MP: 3/3
   334 | D        | Reached ** piety under Trog
   459 | D        | Reached skill level 5 in Fighting
   459 | D        | Reached XP level 4. HP: 28/31 MP: 4/4
   541 | D        | Noticed a hungry ghost
   548 | D        | Reached *** piety under Trog
   566 | D        | Killed a hungry ghost
   566 | D        | Reached skill level 7 in Fighting
   566 | D        | Reached skill level 5 in Axes
   566 | D        | Reached skill level 5 in Dodging
   566 | D        | Reached XP level 5. HP: 33/38 MP: 5/5
   664 | D        | Noticed a sky beast
   665 | D        | Noticed a phantom
   674 | D        | Killed a phantom
   674 | D        | Reached XP level 6. HP: 44/44 MP: 6/6
   674 | D        | Killed a sky beast
   674 | D        | Reached **** piety under Trog
   674 | D        | Reached skill level 8 in Fighting
   675 | D        | Noticed a porcupine
   680 | D        | Killed a porcupine
   680 | D        | Reached XP level 7. HP: 43/50 MP: 7/7
   728 | D        | Reached skill level 9 in Fighting
   776 | D        | Reached ***** piety under Trog
   782 | D        | Noticed a flying skull
   791 | D        | Killed a flying skull
   908 | D        | Noticed a redback
   913 | D        | HP: 3/78 [redback (9)]
   914 | D        | Received a gift from Trog
   917 | D        | Killed a redback
   917 | D        | Reached skill level 10 in Fighting
   917 | D        | Reached XP level 8. HP: 4/57 MP: 8/8
   918 | D        | HP: 3/85 [acid dragon (1)]
   920 | D        | Reached skill level 10 in Armour
  1332 | D        | Noticed an orc high priest
  1335 | D        | Noticed an ice devil
  1338 | D        | Noticed a sun demon
  1344 | D        | Noticed a rust devil
  1344 | D        | Noticed an ice devil
  1347 | D        | Killed an orc high priest
  1347 | D        | Received a gift from Trog
  1347 | D        | Reached skill level 11 in Fighting
  1347 | D        | Reached XP level 9. HP: 64/64 MP: 3/9
  1437 | D        | Noticed a flayed ghost
  1446 | D        | Killed a flayed ghost
  1446 | D        | Reached skill level 12 in Fighting
  1446 | D        | Reached skill level 10 in Axes
  1451 | D        | Reached ****** piety under Trog
  1613 | D        | Received a gift from Trog
  1752 | D        | Reached XP level 10. HP: 68/72 MP: 3/10
  1791 | D        | Reached skill level 10 in Dodging
  1791 | D        | Noticed an orc knight
  1798 | D        | Received a gift from Trog
  1800 | D        | Reached skill level 13 in Fighting
  1805 | D        | Killed an orc knight
  1810 | D        | Received a gift from Trog
  1811 | D        | Noticed an orc sorcerer
  1820 | D        | Killed an orc sorcerer
  1820 | D        | Received a gift from Trog
  1915 | D        | Noticed a rust devil
  1930 | D        | Killed a rust devil
  2274 | D        | Noticed a deep troll
  2283 | D        | Noticed Kirke
  2286 | D        | Received a gift from Trog
  2286 | D        | Reached skill level 14 in Fighting
  2289 | D        | Noticed Harold
  2291 | D        | Killed a deep troll
  2291 | D        | Reached XP level 11. HP: 49/80 MP: 11/11
  2294 | D        | Noticed a manticore
  2297 | D        | Noticed a harpy
  2297 | D        | Noticed a harpy
  2304 | D        | Killed Kirke
  2306 | D        | Noticed a nagaraja
  2306 | D        | Noticed Eustachio
  2317 | D        | Killed Eustachio
  2318 | D        | Noticed a hell hog
  2318 | D        | Noticed a hell hog
  2320 | D        | Killed Harold
  2320 | D        | Received a gift from Trog
  2321 | D        | Killed a hell hog
  2322 | D        | Killed a hell hog
  2323 | D        | Noticed a hell hog
  2323 | D        | Reached skill level 15 in Fighting
  2325 | D        | HP: 4/81 [nagaraja/+0 club (3)]
  2325 | D        | HP: 1/81 [nagaraja/+0 club (3)]
  2326 | D        | Slain by a nagaraja

Skill      XL: |  1  2  3  4  5  6  7  8  9 10 11 |
---------------+----------------------------------+-----
Fighting       | 4 5 7 8 10 11 12 14 15 | 15.0
Axes           | 3 4 5 6 7 8 9 10 12 | 12.9
Armour         | 3 4 6 7 8 9 11 12 14 | 14.8
Dodging        | 2 3 5 6 7 8 9 11 | 11.8

Action                   |  1- 3 |  4- 6 |  7- 9 | 10-12 || total
-------------------------+-------+-------+-------+-------++-------
Melee: Hand axe          |    21 |    34 |    48 |       ||   103
       War axe           |       |       |    46 |    91 ||   137
Invok: Berserk           |     1 |     1 |     4 |     3 ||     9
       Brothers in Arms  |       |       |       |     2 ||     2
  Use: Potion            |       |       |       |     1 ||     1
  Eat: Chunk             |       |     3 |     8 |     4 ||    15
Armor: Animal skin       |     5 |     8 |       |       ||    13
       Scale mail        |       |     6 |    16 |       ||    22
       Plate armour      |       |       |    50 |    72 ||   122
Dodge: Dodged            |    12 |    30 |    61 |    89 ||   192
